|
||||||||||||||||||||||||||||||||||||||||||||||||||||||||||||||||||||||||||||||||||||||||||||||||||||||||||||||||||||||||||||||
| ||||||||||||||||||||||||||||||||||||||||||||||||||||||||||||||||||||||||||||||||||||||||||||||||||||||||||||||||||||||||||||||
Bottom of the 4th over - 0 runs, 0 hits, 0 errors, 0 left on base; Salem-Keizer 4 - Cincinnati (NYP) 2 |
TOP OF THE 5TH | |
---|---|
Salem-Keizer Volcanoes batting - Pitching for Cincinnati (NYP) Reds : LHP Bill Cooksey | |
Batting: RHB Jonathan Reece |
0-0: Called Strike 0-1: Called Strike 0-2: Foul Ball, location: 2F 0-2: Ball 1-2: Strikes out swinging |
Batting: RHB Troy Trice |
0-0: Ball 1-0: Swinging Strike 1-1: Ground out 6-3 (Groundball, 6, EV 87.5 MPH) |
Batting: RHB Jason Gregor |
0-0: Called Strike 0-1: Fly out, F7 (Flyball, 7, EV 88.1 MPH) |
Top of the 5th over - 0 runs, 0 hits, 0 errors, 0 left on base; Salem-Keizer 4 - Cincinnati (NYP) 2 |
BOTTOM OF THE 5TH | |
---|---|
Cincinnati (NYP) Reds batting - Pitching for Salem-Keizer Volcanoes : LHP Jack Klein | |
Batting: RHB Cyd Carver | 0-0: Ground out 6-3 (Groundball, 6, EV 91.9 MPH) |
Batting: RHB Sang-ton Pak |
0-0: Called Strike 0-1: Ball 1-1: Foul Ball, location: 2F 1-2: Ball 2-2: Foul Ball, location: 2F 2-2: DOUBLE (Line Drive, 89M, EV 110.6 MPH) |
Batting: SHB Kristian Kristensen |
0-0: Ball 1-0: Foul Ball, location: 2F 1-1: Ball 2-1: Ball 3-1: Fly out, F8 (Flyball, 8LXD, EV 101.9 MPH) Runner from 2nd tags up, SAFE at 3rd, no throw by CF |
Batting: RHB Pat McCoy |
0-0: Called Strike 0-1: Reached on error, E8 (Flyball, 8RM, EV 76.9 MPH) Sang-ton Pak scores |
Batting: RHB Jake Savell |
0-0: Called Strike 0-1: Swinging Strike 0-2: Fly out, F5 (Line Drive, 5, EV 66.9 MPH) |
Bottom of the 5th over - 1 run, 1 hit, 1 error, 1 left on base; Salem-Keizer 4 - Cincinnati (NYP) 3 |
TOP OF THE 6TH | |
---|---|
Salem-Keizer Volcanoes batting - Pitching for Cincinnati (NYP) Reds : LHP Bill Cooksey | |
Pitching: RHP Nick Miller | |
Batting: RHB Devin Lowery |
0-0: Ball 1-0: Swinging Strike 1-1: Ball 2-1: Foul Ball, location: 2F 2-2: Strikes out looking |
Batting: LHB James Wheaton |
0-0: Ball 1-0: Ball 2-0: Reached via error on a dropped throw from 3B, E3 (Groundball, 56, EV 88.1 MPH) |
Batting: RHB Justin Layton |
0-0: Ball 1-0: Swinging Strike 1-1: Ball 2-1: Foul Ball, location: 2F 2-2: Ball 3-2: Grounds into double play, 4-6-3 (Groundball, 34, EV 101.9 MPH) |
Top of the 6th over - 0 runs, 0 hits, 1 error, 0 left on base; Salem-Keizer 4 - Cincinnati (NYP) 3 |
BOTTOM OF THE 6TH | |
---|---|
Cincinnati (NYP) Reds batting - Pitching for Salem-Keizer Volcanoes : LHP Jack Klein | |
Pitching: RHP Eddie Ramirez | |
Batting: RHB John Galluzzo |
0-0: Ball 1-0: Ball 2-0: Ball 3-0: Base on Balls |
Pinch Hitting: LHB Brian Dickeson |
0-0: Ball 1-0: Called Strike 1-1: Foul Ball, location: 2F 1-2: Ball 2-2: Strikes out looking |
Batting: LHB Jason Pirkle |
0-0: Ball John Galluzzo steals 2nd base 1-0: Called Strike 1-1: Ground out 6-3 (Groundball, 6, EV 102.5 MPH) |
Pinch Hitting: RHB Yasusaburo Kuwahara |
0-0: Ball 1-0: Ball 2-0: Ball 3-0: Base on Balls |
Pinch Hitting: LHB Steven Wamble |
0-0: Ball 1-0: Ball 2-0: Called Strike 2-1: Ball 3-1: Called Strike 3-2: Ground out 4-3 (Groundball, 4, EV 101.2 MPH) |
Bottom of the 6th over - 0 runs, 0 hits, 0 errors, 2 left on base; Salem-Keizer 4 - Cincinnati (NYP) 3 |
TOP OF THE 7TH | |
---|---|
Salem-Keizer Volcanoes batting - Pitching for Cincinnati (NYP) Reds : RHP Nick Miller | |
Now at 1B: Travis Petrick | |
Now at 2B: John Galluzzo | |
Now at 3B: Steven Wamble | |
Now at SS: Yasusaburo Kuwahara | |
Batting: RHB Pedro Quezada |
0-0: Foul Ball, location: 2F 0-1: Swinging Strike 0-2: Ground out 3-1 (Groundball, 34S, EV 81.2 MPH) |
Batting: RHB Joe Nelson |
0-0: Ball 1-0: Swinging Strike 1-1: Ball 2-1: Foul Ball, location: 2F 2-2: Ball 3-2: Strikes out swinging |
Batting: LHB Gil Caraveo |
0-0: Ball 1-0: Ground out 4-3 (Groundball, 4S, EV 65.0 MPH) |
Top of the 7th over - 0 runs, 0 hits, 0 errors, 0 left on base; Salem-Keizer 4 - Cincinnati (NYP) 3 |
BOTTOM OF THE 7TH | |
---|---|
Cincinnati (NYP) Reds batting - Pitching for Salem-Keizer Volcanoes : RHP Eddie Ramirez | |
Batting: RHB Sang-ton Pak |
0-0: Ball 1-0: Ground out 4-3 (Groundball, 4, EV 83.8 MPH) |
Batting: SHB Kristian Kristensen |
0-0: Foul Ball, location: 2F 0-1: Foul Ball, location: 2F 0-2: Strikes out swinging |
Batting: RHB Pat McCoy |
0-0: Swinging Strike 0-1: Ball 1-1: Foul Ball, location: 2F 1-2: Strikes out looking |
Bottom of the 7th over - 0 runs, 0 hits, 0 errors, 0 left on base; Salem-Keizer 4 - Cincinnati (NYP) 3 |
TOP OF THE 8TH | |
---|---|
Salem-Keizer Volcanoes batting - Pitching for Cincinnati (NYP) Reds : RHP Nick Miller | |
Pitching: RHP Jesus Gallegos | |
Batting: RHB Jonathan Reece |
0-0: Ball 1-0: Swinging Strike 1-1: Foul Ball, location: 2F 1-2: Foul Ball, location: 2F 1-2: Foul Ball, location: 2F 1-2: Foul Ball, location: 2F 1-2: Foul Ball, location: 2F 1-2: Ball 2-2: Ball 3-2: Ground out 5-3 (Groundball, 5S, EV 90.6 MPH) |
Batting: RHB Troy Trice |
0-0: Called Strike 0-1: Foul Ball, location: 2F 0-2: Ball 1-2: Strikes out swinging |
Batting: RHB Jason Gregor |
0-0: Ball 1-0: Ground out 6-3 (Groundball, 6, EV 83.8 MPH) |
Top of the 8th over - 0 runs, 0 hits, 0 errors, 0 left on base; Salem-Keizer 4 - Cincinnati (NYP) 3 |
BOTTOM OF THE 8TH | |
---|---|
Cincinnati (NYP) Reds batting - Pitching for Salem-Keizer Volcanoes : RHP Eddie Ramirez | |
Batting: RHB Jake Savell |
0-0: Called Strike 0-1: Ball 1-1: Swinging Strike 1-2: Fly out, F8 (Flyball, 78XD, EV 76.2 MPH) |
Batting: RHB John Galluzzo |
0-0: Ball 1-0: Foul Ball, location: 2F 1-1: Called Strike 1-2: Strikes out looking |
Pinch Hitting: LHB Matt Kennedy |
0-0: Called Strike 0-1: Ground out 6-3 (Groundball, 6, EV 85.0 MPH) |
Bottom of the 8th over - 0 runs, 0 hits, 0 errors, 0 left on base; Salem-Keizer 4 - Cincinnati (NYP) 3 |
TOP OF THE 9TH | |
---|---|
Salem-Keizer Volcanoes batting - Pitching for Cincinnati (NYP) Reds : RHP Jesus Gallegos | |
Pitching: RHP Taneo Kobayashi | |
Now at 1B: Ben Hinman | |
Batting: RHB Devin Lowery |
0-0: Foul Ball, location: 2F 0-1: Ground out 4-3 (Groundball, 4, EV 88.1 MPH) |
Batting: LHB James Wheaton |
0-0: Ball 1-0: Foul Ball, location: 2F 1-1: Ball 2-1: Called Strike 2-2: Ball 3-2: Ground out 4-3 (Groundball, 4, EV 109.4 MPH) |
Batting: RHB Justin Layton |
0-0: Called Strike 0-1: Swinging Strike 0-2: Strikes out swinging |
Top of the 9th over - 0 runs, 0 hits, 0 errors, 0 left on base; Salem-Keizer 4 - Cincinnati (NYP) 3 |
BOTTOM OF THE 9TH | |
---|---|
Cincinnati (NYP) Reds batting - Pitching for Salem-Keizer Volcanoes : RHP Eddie Ramirez | |
Pitching: RHP Danny MacKinnon | |
Batting: LHB Jason Pirkle |
0-0: Ball 1-0: Ball 2-0: Ground out 5-3 (Groundball, 5, EV 90.0 MPH) |
Pinch Hitting: SHB Tim Utz |
0-0: Foul Ball, location: 2F 0-1: Swinging Strike 0-2: Ball 1-2: Ball 2-2: Strikes out swinging |
Batting: LHB Steven Wamble |
0-0: Ball 1-0: Called Strike 1-1: Ball 2-1: Ball 3-1: Base on Balls |
Batting: RHB Sang-ton Pak | 0-0: Ground out 4-3 (Groundball, 4, EV 82.5 MPH) |
Bottom of the 9th over - 0 runs, 0 hits, 0 errors, 1 left on base; Salem-Keizer 4 - Cincinnati (NYP) 3 |
Thursday, December 15th , 2022 - OOTP Baseball 23.9 Build 102 |